 Dungeon Crawl Stone Soup version 0.29.1-2-gbd0b4ee654 (webtiles) character file.

Game seed: 6242982802636013394

5229 styxcanada the Covert (level 10, -7/39 (49) HPs)
             Began as a Spriggan Brigand on Nov 14, 2022.
             Mangled by a tengu warrior
             ... wielding a +0 great mace
              (20 damage)
             ... on level 8 of the Dungeon.
             The game lasted 00:46:53 (10074 turns).

styxcanada the Covert (Spriggan Brigand)           Turns: 10074, Time: 00:46:54

HP:   -7/39 (49)    AC:  5    Str: 15 (17) XL:     10   Next: 35%
MP:   0/11          EV: 20    Int: 13 (14) God:
Gold: 297           SH: 10    Dex: 17 (20) Spells: 9/9 levels left

rFire   . . .      SeeInvis +   h - +4 dagger (venom)
rCold   . . .      Faith    .   q - +3 buckler of Fortitude {+Blink Str+4}
rNeg    + . .      Spirit   +   e - +2 robe {Will+}
rPois   .          Reflect  .   (helmet restricted)
rElec   .          Harm     .   c - +0 cloak
rCorr   .          Rampage  .   (gloves unavailable)
Will    ++...                   (boots unavailable)
Stlth   +++++++++.              F - amulet "Puhallur" {Spirit rN+ Regen+}
HPRegen 0.93/turn               f - +6 ring of strength
MPRegen 0.12/turn               j - ring of Shadows {Umbra +Inv Stlth+}

@: wreathed by umbra, heavily drained, very quick
A: very small, no large weapons, unfitting armour, see invisible, speed 3
a: Evoke Blink, Evoke Invisibility


You were on level 8 of the Dungeon.
You visited 2 branches of the dungeon, and saw 10 of its levels.

You collected 560 gold pieces.
You spent 263 gold pieces at shops.

Inventory:

Hand Weapons
 a - a +2 dagger of flaming
 h - a +4 dagger of venom (weapon)
 n - a +3 quarterstaff of chaos
 x - a +2 sling of flaming
 H - a +3 short sword
 I - a +2 mace of venom
Missiles
 d - 38 poisoned darts (quivered)
 k - 3 throwing nets
 l - 78 stones
Armour
 c - a +0 cloak (worn)
 e - a +2 robe of willpower (worn)
 q - the +3 buckler of Fortitude (worn) {+Blink Str+4}
   (You found it on level 4 of the Dungeon)

   Str:       It affects your strength (+4).
   +Blink:    It lets you blink.
 D - a +2 robe of fire resistance
Jewellery
 f - a +6 ring of strength (left hand)
 j - the ring of Shadows (right hand) {Umbra +Inv Stlth+}
   (You found it on level 7 of the Dungeon)

   [ring of stealth]

   It surrounds you with an aura of shadow, increasing your stealth and reducing
   the accuracy of all others within it.
   +Inv:      It lets you turn invisible.
   Stlth:     It makes you more stealthy.
 y - an amulet of guardian spirit
 E - a ring of positive energy
 F - the amulet "Puhallur" (around neck) {Spirit rN+ Regen+}
   (You bought it in a shop on level 8 of the Dungeon)

   [amulet of guardian spirit]

   It causes incoming damage to be divided between your reserves of health and
   magic.
   rN:        It protects you from negative energy.
   Regen:     It increases your rate of health regeneration.
Wands
 r - a wand of flame (18)
Scrolls
 g - 2 scrolls of teleportation
 o - a scroll of fog
 s - 3 scrolls of fear
 B - a scroll of magic mapping
Potions
 b - a potion of cancellation
 i - a potion of lignification
 p - 3 potions of brilliance
 t - 4 potions of resistance
 u - 2 potions of haste
 w - 2 potions of degeneration
 z - a potion of mutation {unknown}
 A - a potion of berserk rage {unknown}


   Skills:
 + Level 3.8 Fighting
 + Level 5.4 Short Blades
 + Level 5.8 Ranged Weapons
 + Level 3.7 Throwing
 * Level 7.6 Dodging
 * Level 12.9 Stealth
 * Level 4.2 Shields
 * Level 6.6 Evocations


You had 9 spell levels left.
You didn't know any spells.
Your spell library contained the following spells:

 Spells                   Type           Power      Damage    Failure   Level
 Animate Dead             Necr           0%         N/A       99%         4
 Borgnjor's Vile Clutch   Necr/Erth      0%         N/A       100%        5
 Conjure Ball Lightning   Conj/Air       0%         3x3d6     100%        6
 Death Channel            Necr           0%         N/A       100%        6
 Discord                  Hex            0%         N/A       100%        8
 Disjunction              Tloc           0%         N/A       100%        8


Dungeon Overview and Level Annotations

Branches:
Dungeon (9/15)             Temple (1/1) D:7            Lair (0/5) D:9
    Orc: D:9-12

Altars:
Ashenzari
Cheibriados
Dithmenos
Elyvilon
Gozag
Hepliaklqana
Kikubaaqudgha
Makhleb
Nemelex Xobeh
Okawaru
Qazlal
Ru
Sif Muna
Trog
Uskayaw
Wu Jian
Zin
The Shining One

Shops:
D:2 *   D:3 !   D:8 *   D:9 *


Innate Abilities, Weirdness & Mutations

You are very small and have problems with some larger weapons.
You are too small for most types of armour.
You have supernaturally acute eyesight. (SInv)
You cover ground extremely quickly. (Speed+++)


Message History

The tengu warrior barely misses you. The tengu warrior misses you.
The tengu warrior claws you.
You hit the tengu warrior.
The tengu warrior looks as sick as possible!
The tengu warrior is severely wounded.
You block the tengu warrior's attack. The tengu warrior pecks you.
The tengu warrior closely misses you.
You hit the tengu warrior but do no damage.
The tengu warrior looks as sick as possible!
The tengu warrior is severely wounded.
You closely miss the tengu warrior.
The tengu warrior is severely wounded.
You block the tengu warrior's attack.
The tengu warrior completely misses you.
The tengu warrior misses you.
You closely miss the tengu warrior.
The tengu warrior is severely wounded.
You block the tengu warrior's attack. The tengu warrior misses you.
You block the tengu warrior's attack.
You closely miss the tengu warrior.
The tengu warrior is severely wounded.
You block the tengu warrior's attack. The tengu warrior pecks you.
You block the tengu warrior's attack.
You hit the tengu warrior.
The tengu warrior looks as sick as possible!
The tengu warrior is severely wounded.
The tengu warrior hits you with a +0 great mace.
The tengu warrior closely misses you. You block the tengu warrior's attack.
You hit the tengu warrior.
The tengu warrior looks as sick as possible!
The tengu warrior is severely wounded.
The tengu warrior hits you with a +0 great mace!
* * * LOW HITPOINT WARNING * * *
The tengu warrior pecks you but does no damage.
The tengu warrior claws you.
* * * LOW HITPOINT WARNING * * *
You feel better.
The tengu warrior hits you with a +0 great mace!!
Ouch! That really hurt!
You die...

#####......#####
#....#<....# #....##..#.# .
####.....#.# l
#.........########### .
#.........#....'....# .
#........##)...#....# .
#........##.Q..#....# .
#........##@...#....# .
#.......<##########'########
#........# #....Q...8#(.
#........# #.........#..
#........# #.......(.#..
########## #8........(..
#############


You could see a tengu warrior (extremely poisoned).

Vanquished Creatures
  Pikel (D:8)
  A cyclops (D:8)
  An unseen horror (D:8)
  Joseph (D:7)
  A kobold demonologist (D:7)
  A wyvern (D:8)
  2 steam dragons
  2 water moccasins
  A sky beast (D:7)
  An ice beast (D:7)
  2 orc warriors
  A black bear (D:6)
  4 centaurs
  An ogre (D:6)
  A phantom (D:6)
  A kobold brigand (D:4)
  2 bullfrogs
  3 scorpions
  2 necrophages (D:6)
  5 wights (D:6)
  5 killer bees (D:7)
  4 howler monkeys
  4 hounds
  A quasit (D:8)
  2 jellies
  A gnoll bouda (D:4)
  3 orc priests
  Crazy Yiuf (D:4)
  2 iguanas
  4 orc wizards
  11 gnolls
  14 adders
  3 shadow imps
  3 white imps
  An ufetubus (D:5)
  3 worms
  2 dart slugs
  22 orcs
  8 endoplasms
  2 giant cockroaches
  11 hobgoblins
  15 jackals
  3 quokkas
  6 ball pythons
  14 bats
  5 frilled lizards
  5 goblins
  27 kobolds
  3 rats
  A spectral goblin (D:7)
220 creatures vanquished.

Vanquished Creatures (others)
  3 bushes (D:8)
  7 demonic plants (D:8)
  22 plants (D:4)
32 creatures vanquished.

Grand Total: 252 creatures vanquished

Notes
Turn   | Place    | Note
-------+----------+-------------------------------------------
     0 | D:1      | styxcanada the Spriggan Brigand began the quest for the
                  | Orb.
     0 | D:1      | Reached XP level 1. HP: 10/10 MP: 2/2
    17 | D:1      | Reached skill level 6 in Stealth
   232 | D:1      | Reached XP level 2. HP: 15/15 MP: 3/3
   774 | D:1      | Reached XP level 3. HP: 14/18 MP: 4/4
  1077 | D:1      | Reached skill level 7 in Stealth
  1193 | D:2      | Found Qaytim's General Store.
  1520 | D:2      | Bought a potion of curing for 36 gold pieces
  1687 | D:2      | Reached XP level 4. HP: 15/23 MP: 5/5
  2596 | D:3      | Reached skill level 8 in Stealth
  2596 | D:3      | Reached XP level 5. HP: 2/27 MP: 6/6
  2600 | D:3      | HP: 1/27 [kobold/+0 short sword (1)]
  2938 | D:3      | Found a faded altar of an unknown god.
  3262 | D:2      | Bought a scroll of identify for 24 gold pieces
  3262 | D:2      | Bought 2 poisoned darts for 9 gold pieces
  3500 | D:3      | Found Koynotyb's Distillery.
  3801 | D:4      | Reached XP level 6. HP: 29/32 MP: 7/7
  3872 | D:4      | Identified the +0 pair of boots of Ixyeqosm {rF- MP+9 Str+3
                  | SInv}
  3913 | D:4      | Reached skill level 9 in Stealth
  3928 | D:4      | Found a sparkling altar of Nemelex Xobeh.
  4051 | D:4      | Found a glowing golden altar of the Shining One.
  4051 | D:4      | Found a glowing silver altar of Zin.
  4052 | D:4      | Identified the +3 buckler of Fortitude {+Blink Str+4}
  4054 | D:4      | Found a white marble altar of Elyvilon.
  4225 | D:4      | Found a runed translucent door.
  4226 | D:4      | Noticed Crazy Yiuf
  4233 | D:4      | Killed Crazy Yiuf
  4356 | D:4      | Reached skill level 1 in Evocations
  4356 | D:4      | Reached XP level 7. HP: 35/35 MP: 8/8
  5017 | D:5      | Entered Level 5 of the Dungeon
  5139 | D:5      | Reached skill level 1 in Shields
  5631 | D:6      | Reached skill level 1 in Ranged Weapons
  5763 | D:6      | Reached skill level 10 in Stealth
  5780 | D:6      | Reached XP level 8. HP: 32/40 MP: 6/9
  5977 | D:6      | Found a shimmering blue altar of Sif Muna.
  6156 | D:6      | Reached skill level 5 in Dodging
  6708 | D:6      | Reached skill level 11 in Stealth
  7266 | D:6      | Found a sacrificial altar of Ru.
  7494 | D:7      | Found a staircase to the Ecumenical Temple.
  7499 | Temple   | Entered the Ecumenical Temple
  7560 | D:7      | Noticed Joseph
  7563 | D:7      | Killed Joseph
  7564 | D:7      | Reached XP level 9. HP: 44/44 MP: 10/10
  7585 | D:7      | Reached skill level 5 in Ranged Weapons
  7592 | D:7      | Found the ring of Shadows {Umbra +Inv Stlth+}
  7804 | D:7      | Noticed a kobold demonologist
  7809 | D:7      | Killed a kobold demonologist
  7810 | D:7      | Reached skill level 5 in Evocations
  7844 | D:7      | Found a hazy altar of Hepliaklqana.
  8129 | D:7      | Found a snail-covered altar of Cheibriados.
  8671 | D:8      | Noticed a +0 dagger
  8672 | D:8      | Noticed a +0 dagger
  8747 | D:8      | Noticed Pikel
  8751 | D:8      | Found a hide-covered altar of Uskayaw.
  8771 | D:8      | Noticed an unseen horror
  8816 | D:8      | Killed Pikel
  8817 | D:8      | Reached skill level 5 in Short Blades
  8817 | D:8      | Reached skill level 12 in Stealth
  8817 | D:8      | Reached XP level 10. HP: 28/44 MP: 3/11
  8822 | D:8      | Found Miushri's Assorted Antiques.
  9059 | D:8      | Bought a metallic silvery potion for 29 gold pieces
  9059 | D:8      | Bought a sparkling tin amulet for 165 gold pieces
  9059 | D:8      | Identified the amulet "Puhallur" {Spirit rN+ Regen+} (You
                  | bought it in a shop on level 8 of the Dungeon)
  9685 | D:9      | Found Gozag's Platinum Reserve.
  9700 | D:9      | Found an opulent altar of Gozag.
  9792 | D:9      | Found a staircase to the Lair.
  9836 | D:9      | Found an iron altar of Okawaru.
  9925 | D:8      | Noticed a cyclops
  9928 | D:8      | Killed a cyclops
  9929 | D:8      | Noticed a tengu warrior
  9945 | D:8      | Noticed a centaur warrior
  9975 | D:8      | HP: 2/49 [tengu warrior/+0 great mace (2)]
 10074 | D:8      | Mangled by a tengu warrior

Illustrated notes

Levels and vault maps discovered:
D:1:      scummos_arrival_hexagon, layout_loops_ring
D:2:      layout_rooms, serial_shops, nicolae_shop_behind_doors
D:3:      layout_rooms, ebering_ecumenical_altar_hall, serial_shops, shop
D:4:      kennysheep_kobold_camp, layout_basic, dreamdust_divine_triumvirate,
          nemelex_spade_bored_becter, uniq_crazy_yiuf_cottage
D:5:      layout_rooms
D:6:      minmay_recursive_quarters, layout_basic, lemuel_blue_sif_altar,
          nicolae_ru_the_path_less_chosen
D:7:      layout_loops_cross, cheibrodos_worm_habitat,
          nicolae_hepliaklqana_monster_ancestors, temple_doors_ab,
          hangedman_abyss_or_decor_stabs, uniq_joseph
D:8:      minmay_klotski, layout_basic, dancing_weapons_uskayaw, serial_shops,
          nicolae_stop_n_shop_1, serial_demonic, serial_demonic_g,
          serial_demonic_g, serial_demonic_c, serial_demonic_d,
          serial_demonic_c, serial_demonic_b, uniq_prince_ribbit1, uniq_maggie,
          uniq_pikel
D:9:      layout_irregular_city, nicolae_gozag_zags_fifth_avenue,
          fedhas_altar_fruit_tree, nicolae_overflow_crystal_walls
Temple:   hellmonk_temple_of_storms

Skill      XL: |  1  2  3  4  5  6  7  8  9 10 |
---------------+-------------------------------+-----
Stealth        | 6 7 8 9 10 11 12 | 12.9
Fighting       | 2 3 |  3.8
Dodging        | 2 3 4 5 7 |  7.6
Short Blades   | 3 4 5 |  5.4
Throwing       | 3 |  3.7
Evocations     | 1 3 4 6 |  6.6
Shields        | 1 2 3 4 |  4.2
Ranged Weapons | 1 4 5 |  5.8

Action                   |  1- 3 |  4- 6 |  7- 9 | 10-12 || total
-------------------------+-------+-------+-------+-------++-------
Melee: Dagger            |    98 |   138 |   231 |    99 ||   566
       Punch             |     4 |     1 |       |       ||     5
 Fire: Sling             |       |     8 |    98 |       ||   106
Throw: Dart              |     6 |    37 |    32 |     6 ||    81
 Abil: Evoke Invisibilit |       |       |     1 |       ||     1
       Evoke Blink       |       |       |       |     1 ||     1
Evoke: Wand              |       |       |     5 |     2 ||     7
  Use: Scroll            |       |    13 |     4 |     3 ||    20
       Potion            |       |       |     3 |     5 ||     8
 Stab: Sleeping          |    12 |     7 |    12 |     7 ||    38
       Invisible         |       |       |     2 |       ||     2
       Distracted        |       |       |     1 |     1 ||     2
Armor: Robe              |    17 |    15 |    19 |    13 ||    64
Dodge: Dodged            |    77 |    93 |   138 |    92 ||   400
Block: Buckler           |       |     9 |    84 |    56 ||   149
